 Dungeon Crawl Stone Soup version 0.30-b1-2-g02819fbbbe (webtiles) character file.

Game seed: 11244963728776966149

179334 ketsa the Brawler (level 17, -9/144 HPs)
             Began as a Ghoul Monk on May 23, 2023.
             Was the Champion of Hepliaklqana.
             Mangled by a spark wasp (16 damage)
             ... on level 3 of the Lair of Beasts.
             The game lasted 02:21:17 (33896 turns).

ketsa the Brawler (Ghoul Monk)                     Turns: 33896, Time: 02:21:18

Health: -9/144     AC: 24    Str: 27 (28) XL:     17   Next: 90%
Magic:  5/22       EV: 12    Int:  9 (11) God:    Hepliaklqana [******]
Gold:   1422       SH: 17    Dex: 16 (17) Spells: 16/16 levels left

rFire   + +          .
                       - Unarmed
rCold   + . .        g - +1 kite shield {AC+3}
rNeg    + + +        C - +4 fire dragon scales
rPois   ∞            F - +0 helmet
rElec   .            E - +0 cloak
rCorr   .            (no gloves)
SInv    .            z - +0 pair of boots
Will    +....        n - amulet of reflection Stlth
                     t - ring "Eluxiec" {Fly rC+ Str+5 Int+6}
HPRegen 0.00/turn    M - +6 ring of dexterity
MPRegen 0.18/turn

%: reflection
@: flying, inhibited regen
A: reduced essence, claws 1, cold resistance 1, negative energy resistance 3,
inhibited regeneration, torment resistance 2, devour on kill
}: 1/15 runes: barnacled
a: Renounce Religion, Recall Ancestor, Ancestor Identity, Transference, Idealise


You were on level 3 of the Lair of Beasts.
You worshipped Hepliaklqana.
Hepliaklqana was exalted by your worship.
You visited 9 branches of the dungeon, and saw 33 of its levels.
You also visited: Sewer, Ossuary and Gauntlet.

You collected 3486 gold pieces.
You spent 2064 gold pieces at shops.

Inventory:

Missiles
 i - 6 curare-tipped darts
 o - 43 poisoned darts (quivered)
 O - 9 throwing nets
Armour
 c - an orb of light
 g - a +1 kite shield of protection (worn)
 u - a +2 pair of gloves of infusion
 z - a +0 pair of boots (worn)
 C - +4 fire dragon scales (worn)
 E - a +0 cloak (worn)
 F - a +0 helmet (worn)
 H - a +2 chain mail of willpower
Jewellery
 f - a ring of willpower
 n - an amulet of reflection (around neck)
 p - a ring of fire
 t - the ring "Eluxiec" (left claw) {Fly rC+ Str+5 Int+6}
   (You bought it in a shop on level 2 of the Elven Halls)

   [ring of intelligence]

   Str:       It affects your strength (+5).
   Int:       It affects your intelligence (+6).
   rC:        It protects you from cold.
   Fly:       It grants you flight.
 w - a ring of ice
 A - a ring of see invisible
 D - an amulet of regeneration
 M - a +6 ring of dexterity (right claw)
 U - a ring of willpower
Wands
 d - a wand of iceblast (21)
 s - a wand of digging (4)
 x - a wand of polymorph (13)
 G - a wand of mindburst (39)
 L - a wand of light (6)
 Q - a wand of flame (53)
 W - a wand of paralysis (12)
Scrolls
 a - 5 scrolls of vulnerability
 h - 4 scrolls of enchant weapon
 j - 6 scrolls of immolation
 l - a scroll of poison
 r - 18 scrolls of teleportation
 v - a scroll of magic mapping
 B - a scroll of fog
 J - 18 scrolls of identify
 K - 4 scrolls of torment
 T - 2 scrolls of brand weapon
Potions
 b - 4 potions of ambrosia
 e - 5 potions of resistance
 k - 4 potions of invisibility
 m - 9 potions of flight
 q - 11 potions of curing
 I - 2 potions of might
 N - a potion of haste
 R - 2 potions of brilliance
 V - a potion of attraction
 Y - a potion of magic
Miscellaneous
 y - a phial of floods (inert)
 X - a phantom mirror


   Skills:
 + Level 16.8 Fighting
 - Level 5.0 Throwing
 + Level 12.3 Armour
 - Level 6.6 Dodging
 + Level 8.5 Shields
 + Level 20.5 Unarmed Combat
 - Level 8.6 Invocations
 - Level 7.1 Evocations


You had 16 spell levels left.
You didn't know any spells.
Your spell library contained the following spells:

 Spells                   Type           Power      Damage    Failure   Level
 Magic Dart               Conj           0%         1d3       83%         1
 Sandblast                Erth           0%         2d4       83%         1
 Slow                     Hex            0%         N/A       83%         1
 Sting                    Tmut/Pois      0%         1d3       83%         1
 Call Imp                 Summ           0%         N/A       92%         2
 Cigotuvi's Dreadful Rot  Necr/Pois/Air  0%         N/A       92%         2
 Ensorcelled Hibernation  Hex/Ice        0%         N/A       92%         2
 Lesser Beckoning         Tloc           0%         N/A       92%         2
 Passwall                 Tmut/Erth      0%         N/A       92%         2
 Poisonous Vapours        Pois/Air       0%         N/A       92%         2
 Confusing Touch          Hex            0%         N/A       99%         3
 Gell's Gravitas          Tloc           0%         N/A       99%         3
 Mephitic Cloud           Conj/Pois/Air  0%         N/A       99%         3
 Stone Arrow              Conj/Erth      0%         3d7       99%         3
 Swiftness                Air            0%         N/A       99%         3
 Teleport Other           Tloc           0%         N/A       99%         3
 Vampiric Draining        Necr           0%         2d6       99%         3
 Vhi's Electric Charge    Tloc/Air       0%         N/A       99%         3
 Anguish                  Hex/Necr       0%         N/A       100%        4
 Animate Armour           Summ/Erth      0%         N/A       100%        4
 Animate Dead             Necr           0%         N/A       100%        4
 Dispel Undead            Necr           0%         3d6       100%        4
 Olgreb's Toxic Radiance  Pois           0%         N/A       100%        4
 Passage of Golubria      Tloc           0%         N/A       100%        4
 Petrify                  Tmut/Erth      0%         N/A       100%        4
 Arcjolt                  Conj/Air       0%         1d10      100%        5
 Freezing Cloud           Conj/Ice/Air   0%         6-21      100%        5
 Iskenderun's Battlesphe  Conj           0%         2d6       100%        5
 Metabolic Englaciation   Hex/Ice        0%         N/A       100%        5
 Silence                  Hex/Air        0%         N/A       100%        5
 Summon Forest            Summ/Tloc      0%         N/A       100%        5
 Summon Mana Viper        Hex/Summ       0%         N/A       100%        5
 Death Channel            Necr           0%         N/A       100%        6
 Iron Shot                Conj/Erth      0%         9d1       100%        6
 Summon Cactus Giant      Summ           0%         N/A       100%        6
 Haunt                    Necr/Summ      0%         N/A       100%        7
 Malign Gateway           Summ/Tloc      0%         N/A       100%        7
 Spellforged Servitor     Conj/Summ      0%         N/A       100%        7
 Infestation              Necr           0%         N/A       100%        8
 Lehudib's Crystal Spear  Conj/Erth      0%         10d2      100%        8
 Maxwell's Capacitive Co  Air            0%         ∞         100%        8
 Summon Horrible Things   Summ           0%         N/A       100%        8
 Spider Form              Tmut/Pois      Unusable   N/A       N/A         3
 Statue Form              Tmut/Erth      Unusable   N/A       N/A         6

Dungeon Overview and Level Annotations

Branches:
Dungeon (15/15) Zot: 25449  Temple (1/1) D:5 Zot: 5846    Lair (5/5) D:9 Zot: 23529
 Shoals (4/4) Lair:3 Zot: 16573  Spider (1/4) Lair:3 Zot: 5915   Slime (1/5) Lair:4 Zot: 5998
    Orc (2/2) D:9 Zot: 9828     Elf (3/3) Orc:2 Zot: 17180  Vaults (0/5) D:13
 Depths (1/4) D:15 Zot: 5987   Sewer (visited)         Ossuary (visited)
Gauntlet (visited)

Altars:
Ashenzari
Cheibriados
Dithmenos
Fedhas
Gozag
Hepliaklqana
Kikubaaqudgha
Makhleb
Nemelex Xobeh
Okawaru
Qazlal
Ru
Sif Muna
Trog
Uskayaw
Vehumet
Wu Jian
Xom
Yredelemnul
Jiyva

Shops:
D:4 !   D:5 :   D:9 (   D:11 *   D:15 *   Orc:2 [(?=   Elf:2 :==   Shoals:1 [
Shoals:2 **([

Annotations:
D:13 3 runed translucent doors, t4s4d4r's ghost, journeyman GnEE
D:15 3 runed translucent doors, Ruat's ghost, adept DECj
Lair:1 2 runed translucent doors, adept's ghost, journeyman DjCj
Lair:2 1 runed translucent door, xelsha's ghost, journeyman GnFi
Elf:2 3 runed translucent doors


Innate Abilities, Weirdness & Mutations

Your life essence is reduced to manifest your ancestor. (-10% HP)
You are immune to poison.
You have sharp fingernails.
Your flesh is cold resistant. (rC+)
You are immune to negative energy. (rN+++)
You do not regenerate when monsters are visible.
You are immune to unholy pain and torment.
You thrive by killing the living.


Message History

You mangle the demonic crawler!!
The demonic crawler is severely wounded.
You barely miss the demonic crawler.
The demonic crawler is severely wounded.
The demonic crawler barely misses you. You block the demonic crawler's attack.
The demonic crawler hits you but does no damage.
You eviscerate the demonic crawler!!!
You kill the demonic crawler!
The moth of wrath angrily waves its antennae.
The redback attacks as you move away! You block the redback's attack. x2
The moth of wrath goads the redback on!
The redback goes berserk!
The redback is no longer berserk.
You block the spark wasp's attack. The redback bites you.
The redback is no longer paralysed.
You hear a faint skittering sound.
The spark wasp closely misses you. The redback attacks as you move away!
You block the redback's attack. The redback attacks as you move away!
The redback closely misses you.
The spark wasp attacks as you move away!
You block the spark wasp's attack. The redback attacks as you move away!
You block the redback's attack.
The culicivora is healed somewhat.
The spark wasp stings you!!
* * * LOW HITPOINT WARNING * * *
The spark wasp shocks you!
* * * LOW HITPOINT WARNING * * *
The moth of wrath goads the culicivora on!
The culicivora goes berserk!
There is a crawl-hole back to the Lair here.
The culicivora rages.
The spark wasp barely misses you.
You fly upwards.
Welcome back to the Lair of Beasts!
There is a hole to the Spider Nest here.
Things that are here:
a wolf spider corpse; a culicivora corpse You scratch the redback.
The redback is lightly wounded.
The spark wasp stings you!
* * * LOW HITPOINT WARNING * * *
The spark wasp shocks you!
You die...

.........................^.......
.................................
<................................
...........#...#.###..........##.
.............^...####....##..####
###.###...##^#^###^#.....##.....#
.##.###....^.^#.#^#.^.....#....#.
.....##...#...#...#.#^...........
##........###.^#@s#............#.
##....#...##^.#y#.#..#....#....#.
...####.....##...#.#.#...#.#..###
#...###...##^.....#.......#..##..
............#.#..##..............
...............^###..............
.................................
.................................
.................................


You could see a spark wasp and a redback.

Vanquished Creatures
  Saint Roka (Orc:2)
  Polyphemus (Shoals:2)
  A kraken (Shoals:1)
  Kirke (D:15)
  A ghost moth (Spider:1)
  An orc warlord (Orc:2)
  Nessos (Orc:2)
  A minotaur (Gauntlet)
  Josephine (Shoals:1)
  3 merfolk javelineers
  9 merfolk impalers
  A fire dragon (Lair:5)
  2 hydras
  A catoblepas (Lair:5)
  A merfolk avatar (Shoals:4)
  8 centaur warriors
  3 dancing weapons
  3 satyrs
  8 merfolk aquamancers
  2 boulder beetles
  A two-headed ogre (D:12)
  7 death yaks
  An orc high priest (Elf:2)
  2 deep elf knights
  A soul eater (Gauntlet)
  2 skeletal warriors (D:14)
  A fire crab (shapeshifter) (D:12)
  Amaemon (Lair:3)
  A flayed ghost (D:15)
  A skyshark (Shoals:1)
  A sixfirhy (Gauntlet)
  4 sea snakes
  A golden dragon zombie (D:15)
  2 lindwurms
  3 deep elf archers (Elf:1)
  7 ugly things
  4 deep elf pyromancers
  A harpy (shapeshifter) (D:13)
  3 orc sorcerers
  A fire giant zombie (D:15)
  5 fauns
  A frost giant zombie (D:15)
  27 harpies
  2 deep elf zephyrmancers (Elf:2)
  A necromancer (D:15)
  13 manticores
  A worldbinder (Gauntlet)
  5 wolf spiders
  8 cyclopes
  5 elephants
  A fire giant skeleton (D:15)
  4 water nymphs
  10 merfolk sirens
  3 black mambas
  An orange demon (Lair:3)
  A demonic crawler (Spider:1)
  A gargoyle (D:12)
  8 cane toads
  A freezing wraith (D:15)
  A rime drake (Lair:1)
  6 torpor snails (Lair:5)
  Maggie (D:6)
  2 tengu conjurers (D:14)
  2 unseen horrors
  5 komodo dragons
  An ice devil (Gauntlet)
  7 trolls
  6 wind drakes
  24 merfolk
  2 tyrant leeches (Lair:5)
  A tarantella (shapeshifter) (D:13)
  Grinder (D:5)
  5 hornets (Lair:5)
  12 snapping turtles
  21 dream sheep
  13 blink frogs
  A dream sheep (shapeshifter) (D:13)
  3 slime creatures (D:12)
  An air elemental (Elf:2)
  A culicivora (Lair:3)
  6 wraiths
  A shadow (D:8)
  8 water elementals
  32 yaks
  A spriggan (shapeshifter) (D:15)
  A vampire (D:11)
  3 wyverns
  3 basilisks
  4 hogs (D:15)
  A steam dragon (Lair:3)
  2 fire elementals (Elf:2)
  8 vampire mosquitoes
  3 redbacks (Spider:1)
  3 wargs (Orc:2)
  Menkaure (D:4)
  A naga (shapeshifter) (D:13)
  An acid dragon (D:14)
  Duvessa (D:4)
  11 water moccasins
  2 black bears (D:8)
  2 sky beasts
  5 ogres
  A boggart (Gauntlet)
  26 orc warriors
  10 wolves
  6 centaurs
  4 kobold brigands
  3 scorpions
  7 bullfrogs
  A gnoll sergeant (D:8)
  6 water moccasin zombies (Ossuary)
  4 wights (D:7)
  Dowan (D:4)
  8 killer bees
  9 howler monkeys
  2 quasits (Sewer)
  A hound (D:4)
  A jelly (D:6)
  17 orc priests
  2 gnoll boudas
  6 iguanas
  22 orc wizards
  2 mummies (Ossuary)
  17 gnolls
  7 adders
  2 river rats (D:6)
  10 shadow imps
  3 white imps
  7 ufetubi
  9 adder zombies (Ossuary)
  5 worms
  3 dart slugs
  83 orcs
  A bat zombie (Sewer)
  9 endoplasms
  4 giant cockroaches
  4 goblins
  7 hobgoblins
  5 quokkas
  6 ball pythons
  8 bats
  A frilled lizard (D:2)
  3 gnoll zombies (Ossuary)
  4 hobgoblin zombies (Ossuary)
  21 kobolds
  6 kobold zombies
  An orc zombie (Ossuary)
  5 rats
  A plant (Lair:5)
  3 tentacles (Shoals:1)
783 creatures vanquished.

Vanquished Creatures (collateral kills)
  Rupert (Lair:5)
  2 dire elephants (Lair:5)
  A merfolk javelineer (Shoals:4)
  A merfolk impaler (Shoals:4)
  2 catoblepae
  2 alligator snapping turtles
  A dancing weapon (Elf:2)
  A merfolk avatar (Shoals:1)
  3 death yaks
  A skyshark (Lair:5)
  3 sea snakes
  2 lindwurms
  A wizard (D:13)
  3 orc sorcerers
  4 harpies
  An orc knight (Orc:2)
  An ugly thing (D:9)
  4 manticores
  A faun (Shoals:1)
  A merfolk siren (Shoals:1)
  A black mamba (Lair:5)
  An elephant (Lair:4)
  2 water nymphs
  A cane toad (Lair:5)
  4 komodo dragons
  11 merfolk
  3 hornets (Lair:5)
  A tyrant leech (Lair:5)
  9 blink frogs
  A snapping turtle (Shoals:4)
  2 dream sheep (Lair:5)
  3 slime creatures (D:12)
  A shadow (D:9)
  3 water elementals
  7 yaks
  2 vampire mosquitoes
  A basilisk (Lair:2)
  A steam dragon (D:9)
  4 water moccasins
  2 sky beasts
  3 orc warriors
  2 black bears
  2 wolves
  A centaur (D:14)
  A bullfrog (Lair:2)
  3 killer bees
  A howler monkey (D:9)
  An orc priest (Orc:2)
  2 orc wizards
  A gnoll (D:4)
  2 shadow imps
  A white imp (Gauntlet)
  An ufetubus (Gauntlet)
  19 orcs
  A bat zombie (Sewer)
  7 kobolds
  A plant (Shoals:2)
  A tentacle (Shoals:1)
146 creatures vanquished.

Vanquished Creatures (others)
  11 hexers
  An orc priest (Orc:1)
  A giant cockroach (Sewer)
  A bush (Lair:2)
  18 demonic plants (Gauntlet)
  14 fungi
  103 plants
  4 tentacles (Shoals:1)
  4 withered plants (D:15)
157 creatures vanquished.

Grand Total: 1086 creatures vanquished

Notes
Turn   | Place    | Note
-------+----------+-------------------------------------------
     0 | D:1      | ketsa the Ghoul Monk began the quest for the Orb.
     0 | D:1      | Reached XP level 1. HP: 19/19 MP: 0/0
   165 | D:1      | Reached XP level 2. HP: 15/26 MP: 1/1
   591 | D:2      | Reached XP level 3. HP: 21/31 MP: 2/2
   602 | D:2      | Reached skill level 4 in Unarmed Combat
  1469 | D:3      | Reached XP level 4. HP: 32/40 MP: 3/3
  2427 | D:4      | Reached skill level 5 in Unarmed Combat
  2427 | D:4      | Reached XP level 5. HP: 42/46 MP: 4/4
  2639 | D:4      | Reached skill level 1 in Armour
  2718 | D:4      | Found Anioraex's Distillery.
  2721 | D:4      | Bought a potion of degeneration for 10 gold pieces
  2895 | D:4      | Reached XP level 6. HP: 36/53 MP: 5/5
  3016 | D:4      | Found a broken altar of Ashenzari.
  3068 | D:4      | Noticed Duvessa
  3128 | D:5      | Entered Level 5 of the Dungeon
  3149 | D:5      | Reached skill level 6 in Unarmed Combat
  3174 | D:5      | Found a staircase to the Ecumenical Temple.
  3185 | D:5      | Noticed Menkaure
  3212 | D:5      | HP: 2/55 [Menkaure (16)]
  3213 | D:4      | Noticed Dowan
  3217 | D:4      | HP: 1/55 [Menkaure (8)]
  3450 | D:5      | Found a sand-covered staircase.
  3455 | Ossuary  | Entered an ossuary
  3497 | Ossuary  | Reached skill level 5 in Fighting
  3566 | Ossuary  | Reached XP level 7. HP: 55/61 MP: 6/6
  3725 | Ossuary  | Reached skill level 7 in Unarmed Combat
  4125 | D:5      | Reached XP level 8. HP: 66/70 MP: 7/7
  4140 | Temple   | Entered the Ecumenical Temple
  4140 | Temple   | Found a transporter.
  4140 | Temple   | Found a transporter.
  4142 | Temple   | Found a transporter.
  4142 | Temple   | Found a transporter.
  4276 | Temple   | Became a worshipper of Hepliaklqana the Forgotten
  4276 | Temple   | Reached * piety under Hepliaklqana
  4276 | Temple   | Reached ** piety under Hepliaklqana
  4277 | Temple   | Remembered your ancestor Izel as a hexer
  4452 | D:5      | Noticed Grinder
  4459 | D:5      | Killed Grinder
  4460 | D:5      | Reached skill level 8 in Unarmed Combat
  4687 | D:5      | Found Kucsiynn's Tremendous Tomes.
  4984 | D:6      | Noticed Maggie
  5003 | D:6      | Killed Maggie
  5095 | D:6      | Reached skill level 9 in Unarmed Combat
  5164 | D:6      | You fall into a shaft and drop 2 floors!
  5187 | D:8      | Reached XP level 9. HP: 71/71 MP: 8/8
  5215 | D:8      | Reached *** piety under Hepliaklqana
  5298 | D:6      | Found a glowing drain.
  5311 | Sewer    | Entered a sewer
  5448 | Sewer    | Found a burning altar of Makhleb.
  5813 | D:6      | Reached skill level 10 in Unarmed Combat
  5982 | D:6      | Reached skill level 5 in Armour
  6172 | D:7      | Found an ornate altar of the Wu Jian Council.
  6571 | D:7      | Reached skill level 11 in Unarmed Combat
  6588 | D:7      | Reached **** piety under Hepliaklqana
  7086 | D:8      | Reached XP level 10. HP: 75/79 MP: 9/9
  7097 | D:8      | Identified the +1 great mace of the Final Tales {vamp, Fly}
  7683 | D:9      | Found a staircase to the Lair.
  7736 | D:9      | Noticed a green ugly thing
  7737 | D:9      | Found Jeatiec's Weapon Shoppe.
  7888 | D:9      | Found a staircase to the Orcish Mines.
  8252 | D:9      | Killed a green ugly thing
  8253 | D:9      | Reached skill level 12 in Unarmed Combat
  8429 | Lair:1   | Entered Level 1 of the Lair of Beasts
  8437 | Lair:1   | Reached ***** piety under Hepliaklqana
  8530 | Lair:1   | Found a large runed translucent door.
  8530 | Lair:1   | Found a large runed translucent door.
  8532 | Lair:1   | Noticed adept's ghost (journeyman DjCj)
  8554 | Lair:1   | Noticed a cane toad
  8563 | Lair:1   | Killed a cane toad
  8665 | Lair:1   | Reached skill level 13 in Unarmed Combat
  8665 | Lair:1   | Reached XP level 11. HP: 46/89 MP: 10/10
  9095 | Lair:1   | Reached skill level 10 in Fighting
  9466 | Lair:2   | Reached skill level 14 in Unarmed Combat
 10125 | Lair:2   | Noticed a lindwurm
 10268 | Lair:2   | Killed a lindwurm
 10269 | Lair:2   | Reached XP level 12. HP: 82/99 MP: 11/11
 10390 | Lair:2   | Found a runed translucent door.
 10391 | Lair:2   | Noticed xelsha's ghost (journeyman GnFi)
 10391 | Lair:2   | Identified the +3 spear of Dismemberment {antimagic, rPois
                  | rF+++ Dex-5}
 10487 | Lair:2   | Reached skill level 15 in Unarmed Combat
 11314 | D:4      | Killed Duvessa
 11320 | D:4      | Killed Dowan
 11582 | D:4      | Killed Menkaure
 11966 | Lair:3   | Noticed Amaemon
 11978 | Lair:3   | Killed Amaemon
 12033 | Lair:3   | Noticed a five-headed hydra
 12039 | Lair:3   | Killed a five-headed hydra
 12066 | Lair:3   | Found a hole to the Spider Nest.
 12125 | Lair:3   | Found a staircase to the Shoals.
 12151 | Shoals:1 | Entered Level 1 of the Shoals
 12151 | Shoals:1 | Noticed an alligator snapping turtle
 12242 | Lair:3   | Reached ****** piety under Hepliaklqana
 12817 | Lair:4   | Reached skill level 16 in Unarmed Combat
 13132 | Lair:4   | Reached XP level 13. HP: 98/106 MP: 12/12
 13427 | Lair:4   | Found a viscous altar of Jiyva.
 13427 | Lair:4   | Found a staircase to the Slime Pits.
 13433 | Slime:1  | Entered Level 1 of the Pits of Slime
 13433 | Slime:1  | Noticed a quicksilver ooze
 13527 | Lair:5   | Entered Level 5 of the Lair of Beasts
 13651 | Lair:5   | Reached skill level 17 in Unarmed Combat
 13652 | Lair:5   | Reached skill level 10 in Armour
 13701 | Lair:5   | Noticed a dire elephant
 13792 | Lair:5   | Killed a dire elephant
 14222 | Lair:5   | Noticed Rupert
 14238 | Lair:5   | Killed Rupert
 14400 | Lair:5   | Reached skill level 18 in Unarmed Combat
 14455 | Lair:5   | Reached skill level 1 in Invocations
 14666 | Lair:5   | Reached skill level 1 in Throwing
 14666 | Lair:5   | Reached skill level 1 in Evocations
 14744 | Lair:5   | Reached XP level 14. HP: 81/116 MP: 14/14
 14808 | Lair:5   | Noticed a dire elephant
 14826 | Lair:5   | Killed a dire elephant
 15046 | Lair:5   | Found a runed translucent door.
 15391 | Lair:5   | Reached skill level 5 in Invocations
 15558 | D:10     | Entered Level 10 of the Dungeon
 17053 | D:11     | Found Hokkor's General Store.
 17061 | D:11     | Bought a scroll of teleportation for 30 gold pieces
 17061 | D:11     | Bought a scroll of blinking for 75 gold pieces
 17683 | D:12     | Reached skill level 5 in Throwing
 17683 | D:12     | Reached skill level 5 in Evocations
 17927 | D:12     | Identified the staff of conjuration "Atiatz" {Int+2}
 18336 | D:13     | Identified a scroll of acquirement
 18337 | D:13     | Acquired 543 gold pieces
 18428 | D:13     | Noticed t4s4d4r's ghost (journeyman GnEE)
 18646 | D:13     | Found a runed translucent gate.
 18651 | D:13     | Found a runed translucent gate.
 18651 | D:13     | Found a runed translucent gate.
 18753 | D:13     | Found a gate to the Vaults.
 18790 | D:13     | Found a gate leading to a gauntlet.
 18796 | Gauntlet | Entered a Gauntlet
 18796 | Gauntlet | Noticed a cacodemon
 18796 | Gauntlet | Found a transporter.
 18796 | Gauntlet | Found a transporter.
 18814 | Gauntlet | Found a transporter.
 18818 | Gauntlet | Found a transporter.
 18828 | Gauntlet | Found a transporter.
 18850 | Gauntlet | Found a transporter.
 18856 | Gauntlet | Found a transporter.
 18864 | Gauntlet | Found a transporter.
 18882 | Gauntlet | Found a transporter.
 18890 | Gauntlet | Found a transporter.
 18908 | Gauntlet | Found a transporter.
 18918 | Gauntlet | Found a transporter.
 19355 | Gauntlet | Identified the +1 hat of Dice, Bag, and Bottle {Int+3}
 19567 | D:13     | Identified the +11 war axe "Xeikea" {pain, rElec}
 19995 | D:14     | Reached XP level 15. HP: 104/122 MP: 19/19
 20162 | D:14     | Found a sacrificial altar of Ru.
 21019 | Orc:1    | Entered Level 1 of the Orcish Mines
 21457 | Orc:2    | Entered Level 2 of the Orcish Mines
 21457 | Orc:2    | Found a staircase to the Elven Halls.
 21647 | Orc:2    | Noticed Saint Roka
 21831 | Orc:2    | Noticed Nessos
 21839 | Orc:2    | Killed Nessos
 21840 | Orc:2    | Reached skill level 5 in Dodging
 21922 | Orc:2    | Found Newej's Magic Scroll Shop.
 21928 | Orc:2    | Bought a scroll of blinking for 105 gold pieces
 21928 | Orc:2    | Bought a scroll of fog for 56 gold pieces
 21928 | Orc:2    | Bought a scroll of teleportation for 42 gold pieces
 22221 | Orc:2    | Found Dipous's Jewellery Shop.
 22424 | Orc:2    | Noticed an orc warlord
 22592 | Orc:2    | Killed an orc warlord
 22642 | Orc:2    | Killed Saint Roka
 23025 | Orc:2    | Found Nucwiol's Antique Weapon Emporium.
 23026 | Orc:2    | Found Faf Metepsog's Antique Armour Shoppe.
 23034 | Orc:2    | Bought a glowing kite shield for 202 gold pieces
 23111 | Elf:1    | Entered Level 1 of the Elven Halls
 23111 | Elf:1    | You fall into a shaft and drop 1 floor!
 23111 | Elf:2    | Found a runed translucent gate.
 23111 | Elf:2    | Found a runed translucent gate.
 23111 | Elf:2    | Found a runed translucent gate.
 23354 | Elf:2    | Found Qemosen's Jewellery Emporium.
 23356 | Elf:2    | Found Xoilear's Book Shop.
 23358 | Elf:2    | Found Yhaudul's Jewellery Emporium.
 23388 | Elf:2    | Paralysed by an air elemental for 1 turns
 23390 | Elf:2    | Paralysed by an air elemental for 1 turns
 23619 | D:15     | Entered Level 15 of the Dungeon
 23686 | D:15     | Found a hide-covered altar of Uskayaw.
 23706 | D:15     | Found a runed translucent gate.
 23707 | D:15     | Found a runed translucent gate.
 23708 | D:15     | Found a runed translucent gate.
 23710 | D:15     | Noticed Ruat's ghost (adept DECj)
 23774 | D:15     | Found Wub Tiame's Assorted Antiques.
 23977 | D:15     | Found a staircase to the Depths.
 24359 | Depths:1 | Entered Level 1 of the Depths
 24458 | D:15     | Noticed Kirke
 24470 | D:15     | Killed Kirke
 24595 | D:15     | Identified the staff of fire "Ketyp" {rElec rF+ rC- Dex+4}
 25166 | Elf:2    | Bought the ring "Eluxiec" {Fly rC+ Str+5 Int+6} for 1064
                  | gold pieces
 25180 | Elf:3    | Entered Level 3 of the Elven Halls
 25190 | Elf:3    | Reached skill level 19 in Unarmed Combat
 25226 | Elf:2    | Reached skill level 1 in Shields
 25226 | Elf:2    | Reached XP level 16. HP: 55/132 MP: 1/21
 25916 | Shoals:1 | Noticed Josephine
 26038 | Shoals:1 | Reached skill level 15 in Fighting
 26077 | Shoals:1 | Found Fipteh's Antique Armour Boutique.
 26100 | Shoals:1 | Killed Josephine
 26122 | Shoals:1 | Noticed a kraken
 26135 | Shoals:1 | Killed a kraken
 27177 | Shoals:2 | Noticed Polyphemus
 27407 | Shoals:2 | Found Boicej's Visitors' Centre.
 27407 | Shoals:2 | Found Boicej's Merfolk Armours.
 27649 | Shoals:2 | Killed Polyphemus
 28250 | Shoals:2 | Found Boicej's Merfolk Magic.
 28261 | Shoals:2 | Found Boicej's Merfolk Weapons.
 28630 | Elf:1    | Reached skill level 5 in Shields
 28937 | Shoals:2 | Bought an amulet of reflection for 480 gold pieces
 29130 | Shoals:4 | Entered Level 4 of the Shoals
 29329 | Shoals:3 | Reached XP level 17. HP: 130/142 MP: 22/22
 29724 | Shoals:3 | Reached skill level 20 in Unarmed Combat
 31845 | Shoals:4 | Got a barnacled rune of Zot
 33777 | Spider:1 | Entered Level 1 of the Spider Nest
 33896 | Lair:3   | HP: 7/144 [spark wasp (8)]
 33896 | Lair:3   | Mangled by a spark wasp

Illustrated notes

Levels and vault maps discovered:
D:1:      wander_arrival_estate, layout_rooms
D:2:      layout_basic
D:3:      layout_basic, minmay_diced_spiral
D:4:      layout_loops_ring, nicolae_overflow_two_pavilions, serial_shops,
          nicolae_shop_real_fake_doors, uniq_duvessa
D:5:      layout_loops_ring, minmay_temple_entry_arrows, enter_ossuary_2,
          nicolae_shop_i_like_big_books, dk_noncrumbling_3,
          nicolae_nh_ransacked_shop, uniq_grinder, uniq_menkaure
D:6:      layout_basic, lightli_sewer_entry_pipes, kennysheep_generic_room_10,
          uniq_maggie
D:7:      layout_loops_ring, lemuel_round_altar, chequers_serial_rivers_micro_c
D:8:      layout_basic
D:9:      layout_long_grid, lair_entry_dummy, orc_0_dummy, special_room
          [special_room_orc], kennysheep_windowed_goal
D:10:     layout_grid_maze
D:11:     layout_loops_ring, serial_shops, shop
D:12:     layout_loops_ring, minmay_diamond_spiral
D:13:     layout_basic, david_vaults_2, gauntlet_entry_generic,
          gammafunk_ghost_icy
D:14:     layout_basic, nicolae_ru_awakened_eye,
          hangedman_abyss_or_decor_lesser_grid, lemuel_flamethrower_2
D:15:     gammafunk_depths_entry_grave, layout_loops_ring,
          ebering_ghost_rock_garden, nicolae_uskayaw_dance_hall, serial_shops,
          nicolae_diamond_shop, minmay_misc_feat_five, feat_on_display,
          uniq_kirke
Temple:   hellmonk_temple_divided_pantheon
Lair:1:   layout_cave_pods, ebering_ghost_disaster_area, grunt_megastairs_5
Lair:2:   beast_lair_carwin_large_2, layout_long_grid,
          ebering_ghost_funeral_grove, lemuel_fruit_fields
Lair:3:   layout_regular_city, shoals_dummy_entry, spider_nest_entry_rubble,
          nicolae_lair_lindhole, uniq_amaemon
Lair:4:   layout_roguey, dpeg_slime_entry_enclosed
Lair:5:   wormcave, layout_cave_pods, hangedman_lair_in_review, uniq_rupert
Shoals:1: layout_shoals, serial_shops, shop, uniq_josephine
Shoals:2: nicolae_shoals_mermall, layout_shoals, uniq_polyphemus
Shoals:3: layout_shoals, nicolae_shoals_gull_way
Shoals:4: shoals_end_simple, layout_shoals, portal_ice_cave_entry_pillars_four,
          nicolae_shoals_stone_sculpture_thing, abandoned_shop
Spider:1: spiders_nest_a, nicolae_spider_world_wide_web
Slime:1:  layout_caves
Orc:1:    layout_diamond_mine
Orc:2:    grunt_orc_community_town_hall, layout_diamond_mine,
          grunt_orc_community_big_house_2, grunt_orc_community_big_house_2,
          grunt_orc_community_house_2, grunt_orc_community_house_3,
          grunt_orc_community_house_2, grunt_orc_community_house_3,
          grunt_orc_community_house_2, uniq_nessos, uniq_saint_roka
Elf:1:    layout_geoelf_diagonals, minmay_elf_necromancy, grunt_megastairs_3
Elf:2:    nicolae_elf_blades_splatter_lattice [mumra_blade_entry_bloodbath],
          layout_geoelf_octagon, serial_shops, nicolae_shop_rolled_up,
          minmay_shop_grove
Elf:3:    grunt_elf_hall_asides, layout_rooms, gammafunk_ghost_wrathful_warriors
Depths:1: minmay_two_paths, layout_basic, hangedman_abyss_entry_splay,
          basic_altar, gammafunk_ghost_grave, hangedman_coc_ice_floe,
          serial_shops, nicolae_shop_peninsula, st_stairs_10,
          minmay_misc_feat_encased, minmay_misc_feat_doors, drop_trap,
          kennysheep_kite_vault, uniq_enchantress

Skill      XL: |  1  2  3  4  5  6  7  8  9 10 11 12 13 14 15 16 17 |
---------------+----------------------------------------------------+-----
Dodging        | 3 4 6 |  6.6
Unarmed Combat | 4 5 6 7 9 11 13 14 16 18 19 20 | 20.5
Fighting       | 4 5 7 8 9 11 12 13 14 15 16 | 16.8
Armour         | 1 2 3 4 5 7 8 9 10 11 12 | 12.3
Invocations    | 2 7 8 |  8.6
Throwing       | 2 5 |  5.0
Evocations     | 2 5 7 |  7.1
Shields        | 1 5 8 |  8.5

Action                     |  1- 3 |  4- 6 |  7- 9 | 10-12 | 13-15 | 16-18 || total
---------------------------+-------+-------+-------+-------+-------+-------++-------
  Melee: Unarmed           |   112 |   162 |   311 |   454 |   991 |   713 ||  2743
  Throw: Dart              |       |     3 |       |     1 |    13 |    21 ||    38
 Invoke: Recall Ancestor   |       |       |     1 |     1 |    10 |     8 ||    20
         Ancestor Life: He |       |       |     1 |       |       |       ||     1
  Evoke: Wand              |       |       |       |       |     1 |     3 ||     4
         Phial of floods   |       |       |       |       |       |     2 ||     2
    Use: Scroll            |     4 |    13 |     4 |     7 |    11 |    15 ||    54
         Potion            |       |     6 |       |     5 |    11 |     3 ||    25
   Stab: Distracted        |       |       |     4 |     2 |    18 |     9 ||    33
         Confused          |       |       |     2 |    12 |    21 |     7 ||    42
         Paralysed         |       |       |       |       |    41 |    51 ||    92
 Armour: Robe              |    25 |     1 |       |       |       |       ||    26
         Ring mail         |       |    33 |    26 |       |       |       ||    59
         Chain mail        |       |       |    86 |   199 |   419 |    77 ||   781
         Fire dragon scale |       |       |       |       |       |   226 ||   226
  Dodge: Dodged            |    79 |    84 |   126 |   170 |   427 |   290 ||  1176
  Block: Kite shield       |       |       |       |       |       |   404 ||   404
         Reflection        |       |       |       |       |       |    19 ||    19
